 Dungeon Crawl Stone Soup version 0.20.1-1-g8b1a95d (console) character file.

217 hilaritas the Scratcher (level 5, 0/25 HPs)
             Began as a Felid Berserker on Feb 18, 2018.
             Was a Believer of Trog.
             Killed by divine providence
             ... invoked by an orc priest
              (14 damage)
             ... on level 4 of the Dungeon.
             The game lasted 00:06:49 (3456 turns).

hilaritas the Scratcher (Felid Berserker)           Turns: 3456, Time: 00:06:49

Health: 0/25       AC:  2    Str: 15    XL:     5   Next: 61%
Magic:  6/6        EV: 19    Int:  9    God:    Trog [**....]
Gold:   67         SH:  0    Dex: 15    Spells: 4/4 levels left
                                        Lives:  0   Deaths: 1

rFire    . . .     SeeInvis +     - Unarmed
rCold    . . .     Gourm    .   (shield unavailable)
rNeg     . . .     Faith    .   (armour unavailable)
rPois    .         Spirit   .   (helmet unavailable)
rElec    .         Reflect  .   (cloak unavailable)
rCorr    .         Harm     .   (gloves unavailable)
MR       ++...                  (boots unavailable)
Stlth    ++++......             (no amulet)
Regen    1.1/turn               m - +2 ring of slaying
MPRegen  0.1/turn               p - ring of stealth

@: regenerating, quick
A: no armour, no weapons or thrown items, stealth, claws 1, fangs 3, see
invisible, carnivore 3, speed 1, shaggy fur 2, slow metabolism 1, sharp paws
a: Berserk, Trog's Hand, Burn Spellbooks, Renounce Religion


You were on level 4 of the Dungeon.
You worshipped Trog.
Trog was pleased with you.
You were not hungry.

You visited 1 branch of the dungeon, and saw 4 of its levels.

You collected 67 gold pieces.

Inventory:

Jewellery
 g - an uncursed amulet of magic regeneration
 m - a +2 ring of slaying (left paw)
 p - a ring of stealth (right paw)
Wands
 l - a wand of iceblast (1/15)
Scrolls
 c - a scroll of teleportation
 d - 2 scrolls of remove curse
Potions
 b - a potion of haste
 e - a potion of lignification
 f - 2 potions of might
 h - a potion of brilliance
 i - a potion of curing {unknown}
 j - 2 potions of mutation {unknown}
Books
 k - a book of Necromancy

   Spells                             Type                      Level
   a - Pain                           Necromancy                   1
   b - Animate Skeleton               Necromancy                   1
   c - Vampiric Draining              Necromancy                   3
   d - Regeneration                   Charms/Necromancy            3
   e - Animate Dead                   Necromancy                   4
   f - Control Undead                 Necromancy                   4
   Trog disapproves of the use of such an item.
Comestibles
 a - 2 meat rations
 n - a royal jelly


   Skills:
 * Level 3.7 Fighting
 - Level 4.0 Dodging
 + Level 4.1 Stealth
 * Level 6.3 Unarmed Combat


You had 4 spell levels left.
You didn't know any spells.

Dungeon Overview and Level Annotations

Branches:
Dungeon (4/15)
 Temple: D:4-7

Altars:
Elyvilon
Gozag

Annotations:
D:3 1 runed door


Innate Abilities, Weirdness & Mutations

You cannot wear armour.
You are incapable of wielding weapons or throwing items.
Your paws allow you to move quietly. (Stealth)
You have sharp claws.
You have razor-sharp teeth.
You have supernaturally acute eyesight. (SInv)
You are carnivorous and can eat meat at any time.
You cover ground quickly.
You are covered in thick fur. (AC +2)
You have a slow metabolism.
Your sharp claws are effective at attacking unaware monsters.


Message History

You feel resistant to hostile enchantments.
You feel somewhat more hungry.
The orc priest shouts!
You scratch the gnoll. You bite the gnoll.
The gnoll is severely wounded.
The orc priest mumbles some strange prayers to Beogh against you.
Beogh smites you! The gnoll barely misses you.
You claw the gnoll!
You kill the gnoll!
Trog accepts your kill.
You feel the effects of Trog's Hand fading.
A worker ant comes into view.
You closely miss the orc wizard. The orc wizard hits you with a dagger.
The worker ant twitches its antennae in your direction.
You scratch the orc wizard.
The orc wizard is moderately wounded.
The orc priest calls down the wrath of Beogh upon you.
Beogh smites you!
Ouch! That really hurt!
You die...

##.## #o #.# .. ..### #.#
... #...##...######## #.#
.#.###....o........%.# #.#
.....#...##....#####.# #.#
#...#.o##..#.#####.### #.#
.. #....#.P.......<...# #.#
....##g..#P.P.######.#.#
#####.#
#.......#....######.#.#
#.....#
##........oo.?o@...(#.#
#.#####
#.....###a.#########.# #.#
#......# ##.##### #.# #.#
....##.## #.....## ##.# #.#
..## .. ####...# #..# #(#
## ..# ### #...# #.## #.# #
... ... #...###.####.# #.
..## ####.###?...........#
#§
..........####.##########§
#####....%.................
.....###.###.##.#########


You could see a worker ant, an orc priest, an orc wizard (invisible) and an orc.

Vanquished Creatures
  A water moccasin zombie (D:4)
  A howler monkey (D:4)
  A bullfrog zombie (D:4)
  A crimson imp (D:4)
  A centaur zombie (D:4)
  A hound (D:4)
  A worker ant (D:4)
  3 gnolls (D:4)
  An adder (D:3)
  A howler monkey skeleton (D:4)
  An ooze (D:3)
  2 adder zombies (D:4)
  3 worms (D:2)
  2 dart slugs (D:1)
  A leopard gecko (D:3)
  5 orcs
  3 giant cockroaches
  2 goblins (D:1)
  7 hobgoblins
  7 jackals
  6 quokkas
  A ball python (D:3)
  4 bats (D:1)
  6 frilled lizards
  6 kobolds
  A leopard gecko skeleton (D:4)
  6 rats
75 creatures vanquished.

Notes
Turn   | Place    | Note
-------+----------+-------------------------------------------
     0 | D:1      | hilaritas the Felid Berserker began the quest for the Orb.
     0 | D:1      | Reached XP level 1. HP: 10/10 MP: 2/2
   117 | D:1      | Reached XP level 2. HP: 14/14 MP: 3/3
   245 | D:1      | Reached skill level 1 in Stealth
  1051 | D:2      | Reached XP level 3. HP: 7/17 MP: 4/4
  1315 | D:2      | Reached ** piety under Trog
  1617 | D:2      | Reached skill level 4 in Unarmed Combat
  2029 | D:2      | Found an opulent altar of Gozag.
  2217 | D:3      | Reached XP level 4. HP: 21/21 MP: 5/5
  2333 | D:3      | Found a white marble altar of Elyvilon.
  2333 | D:3      | Found a runed door.
  2333 | D:3      | Noticed an angel
  3237 | D:4      | Reached skill level 5 in Unarmed Combat
  3237 | D:4      | Reached XP level 5. HP: 21/24 MP: 6/6
  3406 | D:4      | Gained mutation: You are covered in thick fur. (AC +2) [Felid growth]
  3406 | D:4      | Reached XP level 6. HP: 10/28 MP: 7/7
  3410 | D:4      | Reached skill level 6 in Unarmed Combat
  3415 | D:4      | Slain by a bullfrog zombie
  3416 | D:4      | Reached XP level 5. HP: -1/24 MP: 6/6
  3449 | D:4      | Reached *** piety under Trog
  3456 | D:4      | Killed from afar by an orc priest

Skill      XL: |  1  2  3  4  5  6 |
---------------+-------------------+-----
Stealth        | 1 2 3 4 |  4.1
Unarmed Combat | 4 5 6 |  6.3
Fighting       | |  3.7
Dodging        | |  4.0

Action                   |  1- 3 |  4- 6 || total
-------------------------+-------+-------++-------
Melee: Unarmed           |   115 |   116 ||   231
       Bite              |    11 |    11 ||    22
       Punch             |       |     3 ||     3
Invok: Berserk           |     1 |       ||     1
       Trog's Hand       |       |     1 ||     1
  Use: Scroll            |     7 |     3 ||    10
 Stab: Sleeping          |     7 |     5 ||    12
       Distracted        |     1 |       ||     1
  Eat: Chunk             |    10 |     3 ||    13
Armor: Skin              |     6 |     5 ||    11
Dodge: Dodged            |    78 |    71 ||   149
